Map: Frost LE

Players

Fropez - Winner!

  • Race: Protoss Protoss
  • League: Gold
  • Spawn Location: 5:00

dreamix

  • Race: Terran Terran
  • League: Gold
  • Spawn Location: 1:00

VOD

Have the link to the VOD?

Description

Time

  • Played on: Sept. 9, 2016, 5:13 p.m.
  • Length: 23:10
Show
View Real Time Build Order
Export as new Build Order

Fropez Protoss - Winner!

Build Orders: 1 Gate Expand 

Get SALT Encoding   

  12  0:03  Probe (Chrono Boost)  
  13  0:15  Pylon  
  13  0:18  Probe (Chrono Boost)  
  14  0:29  Probe (Chrono Boost)  
  15  0:36  Gateway  
  15  0:40  Probe (Chrono Boost)  
  16  0:50  Probe (Chrono Boost)  
  17  1:01  Probe (Chrono Boost)  
  18  1:15  Nexus  
  18  1:31  Probe (Chrono Boost)  
  18  1:32  Cybernetics Core  
  19  1:39  Pylon  
  19  1:46  Probe (Chrono Boost)  
  20  1:57  Probe (Chrono Boost)  
  20  2:03  Assimilator  
  20  2:05  Zealot  
  20  2:06  Assimilator  
  23  2:15  Probe (Chrono Boost)  
  23  2:18  Pylon  
  23  2:28  Probe (Chrono Boost)  
  23  2:29  Probe (Chrono Boost)  
  25  2:43  Gateway x2  
  25  2:44  Probe (Chrono Boost)  
  25  2:47  Gateway  
  26  2:52  Probe (Chrono Boost)  
  27  3:04  Probe x2 (Chrono Boost)  
  29  3:10  Warp Gate (Chrono Boost)  
  29  3:13  Mothership Core  
  29  3:15  Pylon  
  31  3:24  Pylon  
  31  3:34  Adept x3  
  31  3:36  Adept  
  39  3:43  Pylon  
  39  3:47  Probe x2  
  39  3:59  Probe  
  39  4:00  Gateway  
  40  4:05  Probe  
  41  4:11  Adept  
  41  4:12  Adept  
  41  4:17  Adept  
  47  4:21  Adept  
  49  4:33  Twilight Council  
  49  4:43  Probe  
  49  4:44  Probe  
  51  4:50  Pylon  
  51  4:56  Probe  
  51  4:57  Pylon  
  51  4:59  Pylon  
  52  5:12  Robotics Facility  
  52  5:13  Gateway  
  52  5:14  Gateway  
  52  5:16  Resonating Glaives (Chrono Boost)  
  52  5:21  Probe  
  52  5:22  Probe  
  54  6:04  Adept  
  54  6:05  Adept x3  
  54  6:06  Adept  
  58  6:13  Probe x2  
  58  6:16  Observer  
  61  6:27  Adept x6  
  61  6:28  Adept  
  75  6:37  Warp Prism  
  77  6:44  Probe  
  77  6:45  Probe  
  79  6:50  Nexus  
  79  6:53  Pylon x2  
  79  6:55  Probe  
  79  6:58  Probe  
  79  7:00  Pylon  
  81  7:16  Adept x3  
  81  7:17  Adept x3  
  88  7:54  Charge (Chrono Boost)  
  88  7:55  Immortal  
  92  8:05  Probe  
  92  8:06  Probe  
  92  8:07  Robotics Facility  
  92  8:08  Probe  
  92  8:12  Pylon  
  95  8:13  Assimilator  
  95  8:16  Assimilator  
  95  8:32  Adept x4  
  95  8:33  Adept x3  
  71  8:55  Zealot x3  
  69  8:56  Zealot x4  
  77  9:03  Probe  
  77  9:04  Probe  
  77  9:05  Probe  
  80  9:10  Gateway  
  80  9:12  Gateway  
  80  9:14  Probe x2  
  80  9:15  Gateway  
  82  9:28  Assimilator  
  82  9:30  Assimilator, Immortal  
  74  9:49  Zealot x6  
  80  9:55  Probe  
  80  9:57  Probe  
  78  10:05  Immortal (Chrono Boost)  
  76  10:09  Immortal (Chrono Boost)  
  80  10:14  Probe  
  80  10:17  Forge  
  80  10:18  Probe  
  82  10:30  Adept  
  82  10:31  Adept x2  
  88  10:42  Probe  
  88  10:44  Probe, Immortal (Chrono Boost)  
  88  10:45  Probe  
  88  10:48  Immortal (Chrono Boost)  
  99  10:54  Protoss Ground Weapons Level 1 (Chrono Boost)  
  99  11:06  Dark Shrine  
  99  11:08  Probe  
  99  11:09  Probe  
  99  11:10  Probe  
  102  11:17  Immortal  
  102  11:18  Pylon  
  106  11:26  Immortal  
  108  12:00  Immortal  
  106  12:05  Immortal  
  112  12:12  Forge  
  108  12:16  Gateway  
  108  12:18  Gateway  
  108  12:19  Pylon, Gateway  
  108  12:23  Gateway  
  108  12:24  Gateway  
  108  12:25  Gateway  
  106  12:36  Dark Templar x4  
  114  12:40  Nexus  
  114  12:42  Assimilator  
  114  12:46  Pylon, Assimilator  
  114  12:49  Pylon  
  114  12:56  Pylon  
  114  13:00  Pylon  
  114  13:20  Dark Templar x2  
  114  13:21  Dark Templar x6  
  114  13:22  Dark Templar x2  
  130  13:55  Dark Templar x4  
  118  13:57  Zealot  
  118  13:58  Zealot x5  
  132  14:07  Probe  
  132  14:08  Probe  
  132  14:09  Probe  
  135  14:42  Dark Templar x3  
  141  14:48  Nexus  
  141  14:52  Assimilator  
  141  14:53  Assimilator  
  141  14:57  Pylon  
  141  15:00  Pylon  
  128  15:22  Zealot x2  
  128  15:23  Zealot x6  
  144  15:42  Protoss Ground Weapons Level 2 (Chrono Boost)  
  144  15:43  Protoss Ground Armor Level 1 (Chrono Boost)  
  144  15:46  Observer x2  
  146  16:07  Observer x2  
  148  16:12  Zealot x4  
  148  16:13  Zealot x5  
  148  16:14  Zealot x3  
  148  16:15  Zealot x3  
  178  16:42  Stalker x2  
  182  17:22  Stalker x2  
  180  17:23  Stalker x6  
  180  17:24  Stalker x3  
  146  18:06  Zealot x4  
  146  18:07  Zealot x6  
  146  18:08  Zealot x5  
  146  18:09  Zealot  
  178  18:33  Pylon  
  178  18:35  Zealot  
  178  18:41  Nexus  
  166  18:47  Nexus  
  162  18:49  Zealot  
  162  18:50  Assimilator, Zealot x4  
  162  18:52  Assimilator  
  152  18:57  Pylon  
  152  19:01  Pylon  
  136  19:10  Pylon  
  136  19:13  Assimilator  
  136  19:17  Assimilator  
  128  20:10  Dark Templar  
  128  20:11  Dark Templar x6  
  128  20:12  Dark Templar x7  
  156  20:15  Archon x3  
  156  20:16  Archon x3  
  156  20:17  Archon  
  156  20:24  Protoss Ground Armor Level 2 (Chrono Boost)  
  156  20:27  Protoss Ground Weapons Level 3 (Chrono Boost)  
  156  20:46  Dark Templar x3  
  156  20:47  Dark Templar  
  162  21:24  Zealot x2  
  162  21:25  Zealot x5  
  174  21:26  Zealot  
  120  22:33  Dark Templar x6  
  120  22:34  Dark Templar x4  
  120  22:35  Dark Templar x3  
  146  22:38  Archon x6  
Show
View Real Time Build Order
Export as new Build Order

dreamix Terran 

Build Orders:  

Get SALT Encoding   

  12  0:02  SCV  
  13  0:17  Supply Depot  
  13  0:22  Refinery  
  13  0:24  SCV  
  14  0:40  Barracks  
  14  0:44  SCV  
  15  0:56  SCV  
  16  1:08  SCV  
  17  1:20  SCV  
  18  1:29  Marine, Supply Depot  
  19  1:33  SCV  
  19  1:34  Factory  
  20  1:51  Marine  
  20  1:53  SCV  
  22  2:05  SCV  
  23  2:16  Widow Mine  
  25  2:29  Command Center  
  25  2:39  Bunker  
  25  2:40  Barracks Reactor  
  25  2:50  Factory Tech Lab  
  25  3:03  Orbital Command, Engineering Bay  
  25  3:21  Bunker  
  25  3:24  Siege Tank  
  25  3:25  Supply Depot  
  27  3:31  Missile Turret  
  27  3:32  SCV  
  28  3:38  Marine x2  
  30  3:56  Marine x2  
  30  3:58  Bunker  
  32  4:07  Orbital Command  
  32  4:11  SCV  
  33  4:23  SCV  
  34  4:26  Refinery  
  34  4:28  Starport  
  34  4:30  Missile Turret  
  34  4:35  SCV  
  35  4:46  Barracks  
  35  4:47  SCV  
  35  4:49  Barracks  
  36  4:57  Marine x2  
  39  5:00  SCV  
  39  5:02  Widow Mine  
  39  5:06  Liberator  
  41  5:07  Missile Turret  
  41  5:16  SCV x2  
  44  5:28  SCV  
  44  5:29  SCV  
  44  5:49  Barracks Tech Lab x2  
  41  6:20  Stimpack  
  41  6:21  Concussive Shells  
  41  6:24  Marauder  
  41  6:25  Marauder  
  44  6:42  Marine x2  
  44  6:43  Command Center  
  44  6:46  Marauder x2  
  50  6:53  Supply Depot  
  50  6:55  Supply Depot  
  50  7:00  Marine  
  50  7:01  Starport Reactor  
  51  7:04  Missile Turret  
  51  7:07  Marauder  
  53  7:15  Marauder  
  55  7:28  Missile Turret  
  55  7:29  SCV, Marauder  
  55  7:33  Missile Turret  
  55  7:36  Marauder  
  57  7:39  Medivac x2  
  57  7:41  SCV  
  62  7:50  Marauder  
  64  7:53  SCV, Bunker  
  64  7:58  Marauder  
  67  8:00  Supply Depot  
  67  8:02  Supply Depot  
  67  8:05  SCV, Missile Turret  
  68  8:11  Marauder  
  70  8:17  SCV  
  70  8:19  Marauder  
  71  8:33  Marauder  
  64  8:40  Marauder  
  45  9:02  Marauder  
  32  9:49  Orbital Command  
  27  10:07  Supply Depot  
  27  10:18  Hellion x2  
  31  10:22  Marauder x2  
  31  10:24  SCV  
  36  10:39  Hellion x2  
  40  10:43  Marauder x2  
  45  10:57  SCV x2  
  45  11:00  Hellion  
  45  11:01  Hellion  
  49  11:04  Marauder  
  49  11:05  Marauder  
  49  11:09  SCV x2  
  55  11:17  Supply Depot  
  55  11:21  SCV x2  
  57  11:31  Marine  
  57  11:32  Marine  
  59  11:49  Marine x2  
  59  12:07  Marine x2  
  57  12:25  Marine  
  57  12:28  Refinery  
  57  12:29  Refinery  
  58  12:32  Widow Mine x2  
  58  12:35  SCV  
  63  12:43  Planetary Fortress  
  63  12:47  SCV  
  64  12:52  Missile Turret  
  64  12:59  SCV  
  64  13:00  Widow Mine  
  64  13:01  Widow Mine  
  69  13:29  Widow Mine x2  
  73  13:35  Starport  
  71  13:55  Missile Turret  
  61  13:58  Widow Mine x2  
  65  14:09  Marine  
  65  14:10  Marine  
  65  14:16  Refinery, Missile Turret  
  67  14:17  Refinery  
  67  14:18  SCV  
  67  14:20  Starport Tech Lab  
  68  14:27  Marine  
  68  14:28  Marine, SCV  
  68  14:30  SCV  
  72  14:36  Missile Turret  
  72  14:40  SCV  
  72  14:42  SCV  
  72  14:45  Marine x2  
  74  14:52  SCV  
  77  14:54  SCV  
  77  14:59  Missile Turret  
  78  15:03  Marine x2  
  78  15:04  SCV  
  78  15:05  Medivac  
  78  15:06  SCV, Medivac  
  86  15:16  SCV  
  86  15:21  Marine x2  
  89  15:32  Sensor Tower  
  89  15:35  Raven  
  89  15:39  Marine, Marauder  
  94  15:44  Command Center  
  94  15:56  Marine  
  95  15:57  Armory  
  95  16:01  Marauder  
  95  16:02  Supply Depot  
  97  16:08  SCV  
  98  16:14  Marine  
  99  16:20  SCV  
  99  16:22  Marauder  
  102  16:30  Barracks  
  102  16:32  Marine  
  103  16:41  Raven, Barracks  
  103  16:43  Marauder  
  103  16:46  Factory Tech Lab  
  107  16:50  Marine  
  106  17:01  SCV x2  
  108  17:05  Marauder  
  108  17:08  Marauder, Missile Turret  
  112  17:13  SCV x2  
  114  17:25  SCV x2  
  114  17:26  Marauder  
  116  17:30  Marauder  
  114  17:37  SCV x2  
  110  17:49  SCV  
  111  18:09  Command Center  
  111  18:12  Marine  
  111  18:13  Marauder  
  114  18:30  Marine  
  115  18:34  Marauder  
  106  18:48  Marine  
  81  18:56  Marauder  
  78  19:06  Marine  
  79  19:10  Missile Turret  
  79  19:11  SCV  
  79  19:14  Missile Turret  
  79  19:17  Marauder  
  79  19:22  Barracks Tech Lab  
  79  19:23  SCV  
  79  19:24  Marine  
  82  19:26  Marine x2  
  85  19:35  SCV  
  85  19:39  Marauder  
  85  19:42  Marauder  
  85  19:44  Marine x2  
  91  19:48  SCV  
  91  19:49  Missile Turret  
  91  19:50  Hellbat  
  94  20:00  SCV, Marauder  
  94  20:01  Marine  
  94  20:02  Marine  
  94  20:03  Marauder  
  101  20:12  Hellbat  
  101  20:13  Liberator  
  103  20:16  Liberator  
  103  20:19  Marine  
  104  20:21  Marauder  
  104  20:25  Marauder  
  104  20:27  Combat Shields  
  108  20:32  Missile Turret x2  
  108  20:33  Hellbat, Missile Turret  
  108  20:34  Missile Turret  
  115  20:43  Marauder  
  117  20:50  Planetary Fortress  
  117  20:55  Hellbat  
  117  20:57  Missile Turret  
  119  20:58  Missile Turret  
  119  21:25  Sensor Tower  
  119  21:30  Marauder x3  
  125  21:51  Marauder x3  
  122  22:12  Marauder  
  85  22:45  Marine  
  85  22:46  Marine x2, Marauder x2  
Tags
 
League
GoldGold
Matchup
PvT
Replay Pack
All Mines
Spawn Locations
Close Positions
Add a new tag
Caveats
  • Supply blocks, unpowered buildings, or Contaminate may cause inaccurate times.
  • Supply counts are checked every 10 seconds.